 Dungeon Crawl Stone Soup version 0.21-a0-538-gd16b88a (webtiles) character file.

35 slep the Covered (level 3, 0/29 HPs)
             Began as a Demonspawn Fighter on Dec 17, 2017.
             Succumbed to an adder's poison
             ... on level 2 of the Dungeon.
             The game lasted 00:02:29 (853 turns).

slep the Covered (Demonspawn Fighter)                Turns: 853, Time: 00:02:29

Health: 0/29       AC:  6    Str: 15 (16) XL:     3   Next: 17%
Magic:  3/3        EV:  9    Int:  6 (9)  God:
Gold:   47         SH:  0    Dex: 11 (13) Spells: 2/2 levels left

rFire    . . .     SeeInvis .   a - +0 long sword
rCold    . . .     Gourm    .   (no shield)
rNeg     . . .     Faith    .   b - +0 scale mail
rPois    .         Spirit   .   (no helmet)
rElec    .         Reflect  .   (no cloak)
rCorr    .         Harm     .   (no gloves)
MR       .....                  (no boots)
Stlth    ..........             (no amulet)
HPRegen  0.09/turn              (no ring)
MPRegen  0.08/turn              (no ring)

@: lethally poisoned (0 -> -1), very slightly contaminated, invisible
A: claws 1, hooves 1
a: no special abilities


You were on level 2 of the Dungeon.
You were not hungry.

You visited 1 branch of the dungeon, and saw 2 of its levels.

You collected 47 gold pieces.

Inventory:

Hand Weapons
 a - a +0 long sword (weapon)
Armour
 b - a +0 scale mail (worn)
Scrolls
 e - a scroll of remove curse {unknown}
 g - a scroll of fog {unknown}
 i - a scroll of noise {unknown}
 k - a scroll of teleportation {unknown}
Potions
 d - 2 potions of might
Comestibles
 c - a royal jelly
 f - 3 bread rations


   Skills:
 + Level 3.2 Fighting
 + Level 2.2 Long Blades
 + Level 3.4 Armour
 + Level 0.1 Dodging
 + Level 0.2 Stealth
   Level 2.6 Shields


You had 2 spell levels left.
You didn't know any spells.

Dungeon Overview and Level Annotations

Branches:
Dungeon (2/15)

Altars:


Innate Abilities, Weirdness & Mutations

You have sharp fingernails.
You have large cloven feet.


Message History

You feel agile.
Your demonic ancestry asserts itself...
Your feet thicken and deform.
There is a lethal amount of poison in your body!
* * * LOW HITPOINT WARNING * * *
You feel sick.
* * * LOW HITPOINT WARNING * * *
You feel sick.
* * * LOW HITPOINT WARNING * * *
You feel sick.
It was a potion of cancellation.
You feel magically purged.
It was a potion of invisibility.
You fade into invisibility!
You are very lightly contaminated with residual magic.
It was a potion of degeneration.
There was something very wrong with that liquid.
You feel weakened.
You feel dopey.
You feel clumsy.
* * * LOW HITPOINT WARNING * * *
You feel sick.
There is a lethal amount of poison in your body!
You die...

# .# ####.. #
#... ...
#####.###..###
#.@...<.......
#.###.#######.
...............
#.##.###.#######
# #. #.# #. ...
#. #.# #. #.#
#.#


There were no monsters in sight!

Vanquished Creatures
  An adder (D:2)
  A dart slug (D:1)
  A worm (D:2)
  A leopard gecko (D:1)
  2 bats (D:1)
  5 goblins (D:1)
  2 hobgoblins (D:1)
  4 kobolds (D:1)
  2 frilled lizards (D:1)
  A rat (D:1)
20 creatures vanquished.

Notes
Turn   | Place    | Note
-------+----------+-------------------------------------------
     0 | D:1      | slep the Demonspawn Fighter began the quest for the Orb.
     0 | D:1      | Reached XP level 1. HP: 18/18 MP: 1/1
   108 | D:1      | Gained mutation: You have sharp fingernails. [demonic ancestry]
   108 | D:1      | Reached XP level 2. HP: 19/24 MP: 2/2
   837 | D:2      | Gained mutation: You have large cloven feet. [demonic ancestry]
   837 | D:2      | Reached XP level 3. HP: 3/29 MP: 3/3
   845 | D:2      | HP: 1/29 [poisoned by an adder]
   853 | D:2      | Succumbed to an adder's poison

Vault maps used:
D:1:      matt_arrival_grand_opening, dk_noncrumbling_3, serial_park_tiny_pond,
          hangedman_decor_lopped
D:2:      grunt_temple_overflow_order_and_chaos_2, lemuel_crystal_altar

Skill      XL: |  1  2 |
---------------+-------+-----
Armour         | 3 |  3.4
Long Blades    | 2 |  2.2
Fighting       | |  3.2
Dodging        | |  0.1
Stealth        | |  0.2
Shields        | |  2.6

Action                   || total
-------------------------++-------
Melee: Long sword        ||    68
  Use: Potion            ||     3
Armor: Scale mail        ||    33
Dodge: Dodged            ||    39
       Rpst.: Long sword ||    13

Table legend:
 A = Spawn XP
 B = Non-spawn XP
 C = Spawn XP percentage of total XP
 D = Spawn monster count
 E = Non-spawn monster count
 F = Spawn count percentage of total count
 G = Total turns spent on level
                    A         B        C        D         E        F      G
               +---------+---------+-------+---------+---------+-------+---------
         Total |       0 |      51 |   0.0 |       0 |      20 |   0.0 |   853
               +---------+---------+-------+---------+---------+-------+---------
           D:1 |       0 |      34 |   0.0 |       0 |      18 |   0.0 |   812
           D:2 |       0 |      17 |   0.0 |       0 |       2 |   0.0 |    41
               +---------+---------+-------+---------+---------+-------+---------
